 Dungeon Crawl Stone Soup version 0.22-a0-525-gf69a080 (webtiles) character file.

100 galech the Skirmisher (level 4, 0/49 HPs)
             Began as an Ogre Berserker on June 20, 2018.
             Was a Believer of Trog.
             Slain by a kobold
             ... wielding a +0 short sword
              (2 damage)
             ... on level 3 of the Dungeon.
             The game lasted 00:02:51 (2213 turns).

galech the Skirmisher (Ogre Berserker)              Turns: 2213, Time: 00:02:52

Health: 0/49       AC:  3    Str: 22    XL:     4   Next: 74%
Magic:  4/4        EV: 10    Int:  8    God:    Trog [**....]
Gold:   91         SH:  0    Dex:  8    Spells: 3/3 levels left

rFire    . . .     SeeInvis .   a - +0 mace
rCold    . . .     Gourm    .   (no shield)
rNeg     . . .     Faith    .   b - +0 animal skin
rPois    .         Spirit   .   (helmet restricted)
rElec    .         Reflect  .   (no cloak)
rCorr    .         Harm     .   (gloves unavailable)
MR       ++...                  (boots unavailable)
Stlth    +.........             (no amulet)
HPRegen  1.16/turn              (no ring)
MPRegen  0.09/turn              (no ring)

@: lethally poisoned (0 -> -1), berserk cooldown, regenerating, slowed, very
slow
A: large, unfitting armour, tough skin 1
a: Berserk, Trog's Hand, Renounce Religion


You were on level 3 of the Dungeon.
You worshipped Trog.
Trog was pleased with you.
You were hungry.

You visited 1 branch of the dungeon, and saw 3 of its levels.

You collected 91 gold pieces.

Inventory:

Hand Weapons
 a - a +0 mace (weapon)
Armour
 b - a +0 animal skin (worn)
Wands
 l - a wand of scattershot (5)
Scrolls
 d - a scroll of amnesia {unknown}
 g - 2 scrolls of identify {unknown}
 h - a scroll of magic mapping {unknown}
 i - a scroll of noise {unknown}
 j - a scroll of random uselessness {unknown}
 k - a scroll of teleportation {unknown}
 n - a scroll of remove curse {unknown}
Potions
 e - 2 potions of curing {unknown}
 m - a potion of heal wounds {unknown}
Comestibles
 c - 3 rations


   Skills:
 + Level 4.7 Fighting
 + Level 3.9 Maces & Flails
 + Level 3.3 Dodging
 + Level 0.5 Stealth


You had 3 spell levels left.
You didn't know any spells.
Your spell library was empty.

Dungeon Overview and Level Annotations

Branches:
Dungeon (3/15)

Altars:
Trog
Xom


Innate Abilities, Weirdness & Mutations

You are too large for most types of armour.
You have tough skin. (AC +1)


Message History

You feel sick.
The kobold shoots a poisoned needle.
The poisoned needle closely misses you.
Found 10 sling bullets.
* * * LOW HITPOINT WARNING * * *
You feel very sick.
The kobold shoots a poisoned needle.
The poisoned needle barely misses you.
The kobold shoots a poisoned needle.
The poisoned needle hits you!
You are more poisoned.
You see here a poisoned needle.
Your skin crawls.
You feel resistant to hostile enchantments.
You feel somewhat more hungry.
You feel very sick.
You feel very sick.
The kobold unwields an uncursed blowgun.
The kobold wields an uncursed short sword.
The kobold hits you with an uncursed short sword.
* * * LOW HITPOINT WARNING * * *
The kobold hits you with an uncursed short sword.
You die...

#....####.# .# #....#
##.. .# #....###... (#.#
#.........# .#.#
##...###...
########.#.##...........
...........##(......##.#
.......K...##....... #..
.......@...##....... ###
.......(...##.......#
...........##.....
.......(....+ ....
.......(..###
.......(..# ..........#
########.## ######.#####
########


You could see a kobold.

Vanquished Creatures
  Jessica (D:3)
  2 adders
  A dart slug (D:2)
  3 orcs (D:3)
  2 ball pythons
  7 hobgoblins
  6 jackals (D:3)
  A quokka (D:2)
  7 bats
  2 frilled lizards
  3 goblins
  11 kobolds
  5 rats
51 creatures vanquished.

Notes
Turn   | Place    | Note
-------+----------+-------------------------------------------
     0 | D:1      | galech the Ogre Berserker began the quest for the Orb.
     0 | D:1      | Reached XP level 1. HP: 24/24 MP: 1/1
   289 | D:1      | Reached XP level 2. HP: 32/32 MP: 2/2
  1026 | D:2      | Found a shimmering altar of Xom.
  1036 | D:2      | Reached XP level 3. HP: 31/40 MP: 3/3
  1611 | D:2      | Found a faded altar of an unknown god.
  1805 | D:3      | Reached ** piety under Trog
  1817 | D:3      | Reached XP level 4. HP: 24/49 MP: 4/4
  1966 | D:3      | Noticed Jessica
  1969 | D:3      | Killed Jessica
  2038 | D:3      | Found a bloodstained altar of Trog.
  2213 | D:3      | HP: 2/49 [kobold/uncursed short sword (2)]
  2213 | D:3      | Slain by a kobold

Vault maps used:
D:1:      dpeg_arrival_shelter, minmay_misc_feat_iff
D:2:      lemuel_round_altar, chequers_ecumenical_altar_lobes
D:3:      bloody_trog, first_ration, gup_sewer_entry_pipe, uniq_jessica

Skill      XL: |  1  2 |
---------------+-------+-----
Maces & Flails | 3 |  3.9
Dodging        | 3 |  3.3
Fighting       | |  4.7
Stealth        | |  0.5

Action                   |  1- 3 |  4- 6 || total
-------------------------+-------+-------++-------
Melee: Mace              |   127 |    35 ||   162
Invok: Berserk           |     2 |     3 ||     5
       Trog's Hand       |       |     2 ||     2
 Stab: Sleeping          |     1 |       ||     1
  Eat: Chunk             |     4 |     5 ||     9
Armor: Animal skin       |    43 |    12 ||    55
Dodge: Dodged            |    82 |    29 ||   111

Table legend:
 A = Spawn XP
 B = Non-spawn XP
 C = Spawn XP percentage of total XP
 D = Spawn monster count
 E = Non-spawn monster count
 F = Spawn count percentage of total count
 G = Total turns spent on level
                    A         B        C        D         E        F      G
               +---------+---------+-------+---------+---------+-------+---------
         Total |       0 |     144 |   0.0 |       0 |      51 |   0.0 |  2213
               +---------+---------+-------+---------+---------+-------+---------
           D:1 |       0 |      22 |   0.0 |       0 |      17 |   0.0 |   973
           D:2 |       0 |      39 |   0.0 |       0 |      16 |   0.0 |   811
           D:3 |       0 |      83 |   0.0 |       0 |      18 |   0.0 |   429
               +---------+---------+-------+---------+---------+-------+---------
